 Dungeon Crawl Stone Soup version 0.23.2 (webtiles) character file.

Game seed: 17553070778650830986

27 Kairos the Skirmisher (level 3, 21/30 HPs)
             Began as a Formicid Abyssal Knight on Apr 12, 2019.
             Was a Follower of Lugonu.
             Quit the game on level 1 of the Dungeon.
             The game lasted 00:02:20 (784 turns).

Kairos the Skirmisher (Formicid Abyssal Knight)      Turns: 784, Time: 00:02:20

Health: 21/30      AC:  3    Str: 17    XL:     3   Next: 25%
Magic:  4/4        EV: 13    Int:  9    God:    Lugonu [*.....]
Gold:   3          SH:  0    Dex: 10    Spells: 2/2 levels left

rFire    . . .     SeeInvis +   a - +1 hand axe
rCold    . . .     Gourm    .   (no shield)
rNeg     . . .     Faith    .   b - +0 leather armour
rPois    .         Spirit   .   (helmet unavailable)
rElec    .         Reflect  .   (no cloak)
rCorr    .         Harm     .   (no gloves)
MR       +....                  (no boots)
Stlth    +.........             (no amulet)
HPRegen  0.10/turn              (no ring)
MPRegen  0.09/turn              (no ring)

@: no status effects
A: permanent stasis, dig shafts and tunnels, four strong arms, antennae 3,
repulsion field 1, dopey 1, magic resistance 1, no potion heal 1
a: Dig, Shaft Self, Depart the Abyss, Renounce Religion


You were on level 1 of the Dungeon.
You worshipped Lugonu.
Lugonu was aware of your devotion.
You were hungry.

You visited 1 branch of the dungeon, and saw 1 of its levels.
You visited the Abyss 1 time.

You collected 3 gold pieces.

Inventory:

Hand Weapons
 a - a +1 hand axe (weapon)
Armour
 b - a +0 leather armour (worn)
Scrolls
 d - a scroll of noise {unknown}
 e - a scroll of identify
Potions
 f - a potion of heal wounds {unknown}
Comestibles
 c - 2 rations


   Skills:
 + Level 3.9 Fighting
 + Level 2.3 Axes
 + Level 2.5 Armour
 + Level 1.2 Dodging
 + Level 2.2 Invocations


You had 2 spell levels left.
You didn't know any spells.
Your spell library was empty.

Dungeon Overview and Level Annotations

Branches:
Dungeon (1/15)

Altars:


Innate Abilities, Weirdness & Mutations

You cannot be hasted, slowed, berserked, paralysed or teleported.
You can dig through walls and to a lower floor.
Your four strong arms can wield two-handed weapons with a shield.
You have a pair of large antennae on your head. (SInv)
You are surrounded by a mild repulsion field. (EV +2)
You are dopey. (Int -2)
You are resistant to hostile enchantments. (MR+)
Potions are less effective at restoring your health.


Message History

A kobold comes into view. It is wielding a +0 whip.
The kobold shouts!
Unknown command.
A kobold is nearby!
A kobold is nearby!
The kobold closely misses you.
Unknown command.
A kobold is nearby!
You hit the kobold.
You kill the kobold!
Lugonu accepts your kill.
Things that are here:
a +0 whip; a kobold corpse No target in view!
No target in view!
A hobgoblin comes into view.
The hobgoblin shouts!
A hobgoblin is nearby!
A hobgoblin is nearby!
Are you sure you want to abandon this character and quit the game? (Confirm with "yes".)

#### ...# ....# ....# #########
...... ........# ###g....#
........# #.......# #. ......).#
##@# #..## ####.##.# #..# #....
#..#.## #.## ###.# ##....### #.#
#.. ### ###....####.# ### ..#
#..#...##.# ##### ..#
##.###.##.#############....
..######.###.##......)........###
................###############..


You could see a hobgoblin.

Vanquished Creatures
  A leopard gecko (D:1)
  2 giant cockroaches (D:1)
  3 goblins (D:1)
  4 hobgoblins (D:1)
  2 jackals (D:1)
  5 kobolds (D:1)
  2 bats (D:1)
  A frilled lizard (D:1)
  2 rats (D:1)
22 creatures vanquished.

Notes
Turn   | Place    | Note
-------+----------+-------------------------------------------
     0 | Abyss:1  | Kairos the Formicid Abyssal Knight began the quest for the
                  | Orb.
     0 | Abyss:1  | Reached XP level 1. HP: 18/18 MP: 2/2
    32 | Abyss:1  | Noticed an orange demon
    77 | Abyss:1  | Noticed a bone dragon
    78 | Abyss:1  | Noticed a shadow
    87 | Abyss:1  | Noticed a smoke demon
   116 | Abyss:1  | Noticed a raiju
   202 | Abyss:1  | Noticed a blizzard demon
   203 | D:1      | Escaped the Abyss
   205 | D:1      | Gained mutation: You are resistant to hostile enchantments.
                  | (MR+) [potion of mutation]
   205 | D:1      | Gained mutation: Potions are less effective at restoring
                  | your health. [potion of mutation]
   205 | D:1      | Gained mutation: You are dopey. (Int -2) [potion of
                  | mutation]
   205 | D:1      | Gained mutation: You are surrounded by a mild repulsion
                  | field. (EV +2) [potion of mutation]
   468 | D:1      | Reached XP level 2. HP: 23/24 MP: 3/3
   630 | D:1      | Reached * piety under Lugonu
   655 | D:1      | Reached skill level 1 in Dodging
   679 | D:1      | Reached XP level 3. HP: 22/30 MP: 4/4
   784 | D:1      | Quit the game

Skill      XL: |  1  2 |
---------------+-------+-----
Dodging        | 1 |  1.2
Fighting       | |  3.9
Axes           | |  2.3
Armour         | |  2.5
Invocations    | |  2.2

Action                   || total
-------------------------++-------
Melee: Hand axe          ||    67
Invok: Depart the Abyss  ||     1
 Abil: Dig               ||    17
  Use: Scroll            ||     1
       Potion            ||     1
Armor: Leather armour    ||    30
Dodge: Dodged            ||    65
